 Dungeon Crawl Stone Soup version 0.23.2 (webtiles) character file.

Game seed: 12284095161701740487

5824 teukkam the Fighter (level 10, 0/91 HPs)
             Began as a Minotaur Fighter on Apr 3, 2019.
             Was the Champion of Zin.
             Slain by an eight-headed hydra (4 damage)
             ... on level 1 of the Lair of Beasts.
             The game lasted 00:31:21 (8811 turns).

teukkam the Fighter (Minotaur Fighter)              Turns: 8811, Time: 00:31:22

Health: 0/91       AC: 17    Str: 28    XL:     10   Next: 51%
Magic:  12/12      EV: 12    Int:  5    God:    Zin [******]
Gold:   842        SH: 12    Dex: 10    Spells: 9/9 levels left

rFire    . . .     SeeInvis .   a - +0 war axe
rCold    . . .     Gourm    .   G - +0 shield
rNeg     + . .     Faith    +   v - +6 leather armour of Codonon {-Cast rElec rN+ Str+4 Slay+2}
rPois    .         Spirit   .   (helmet restricted)
rElec    +         Reflect  .   I - +0 cloak
rCorr    .         Harm     .   U - +2 pair of gloves
MR       .....     NoCast   +   D - +1 pair of boots
Stlth    +.........             H - amulet of faith
HPRegen  0.25/turn              j - +2 ring of evasion
MPRegen  0.13/turn              z - ring of wizardry

@: very slightly contaminated
A: retaliatory headbutt, horns 2
a: Recite, Vitalisation, Imprison, Sanctuary, Donate Gold, Renounce Religion


You were on level 1 of the Lair of Beasts.
You worshipped Zin.
Zin was exalted by your worship.
You were not hungry.

You visited 3 branches of the dungeon, and saw 11 of its levels.
You also visited: Ossuary and Bailey.

You collected 930 gold pieces.
You donated 88 gold pieces to Zin.

Inventory:

Hand Weapons
 a - a +0 war axe (weapon)
 b - a +1 hunting sling
 c - a +0 dagger of venom
 m - a +0 whip
 y - a +3 dagger
Missiles
 e - 219 stones (quivered)
 F - 51 sling bullets
 S - 18 tomahawks of returning
 T - 2 tomahawks
Armour
 t - a +2 scale mail of fire resistance
 v - the +6 leather armour of Codonon (worn) {-Cast rElec rN+ Str+4 Slay+2}
   (You found it in a bailey)

   It affects your strength (+4).
   It affects your accuracy and damage with ranged weapons and melee attacks
   (+2).
   It insulates you from electricity.
   It protects you from negative energy.
   It prevents spellcasting.
 D - a +1 pair of boots (worn)
 G - a +0 shield (worn)
 I - a +0 cloak (worn)
 U - a +2 pair of gloves (worn)
Jewellery
 j - a +2 ring of evasion (left hand)
 p - a +4 ring of protection
 z - a ring of wizardry (right hand)
 H - an amulet of faith (around neck)
Wands
 w - a wand of enslavement (10)
 x - a wand of disintegration (3)
 B - a wand of paralysis (10)
 P - a wand of iceblast (13)
Scrolls
 d - a scroll of magic mapping
 h - 9 scrolls of identify
 k - a scroll of brand weapon {unknown}
 l - 3 scrolls of remove curse
 r - 2 scrolls of teleportation
 s - a scroll of immolation
 C - a scroll of fear
 L - a scroll of holy word {unknown}
 M - 4 scrolls of amnesia {unknown}
Potions
 g - a potion of magic
 i - 3 potions of flight
 n - 2 potions of resistance
 o - 3 potions of degeneration
 u - a potion of invisibility
 A - a potion of berserk rage
 E - a potion of mutation
 J - a potion of might
 N - 2 potions of haste
 Q - a potion of heal wounds
 R - a potion of ambrosia {unknown}
Comestibles
 f - 17 rations


   Skills:
 + Level 9.2 Fighting
 + Level 8.7 Axes
 + Level 5.6 Slings
 + Level 9.1 Armour
 + Level 9.2 Shields
 + Level 5.0 Invocations


You had 9 spell levels left.
You didn't know any spells.
Your spell library contained the following spells:

 Spells                   Type           Power        Failure   Level  Hunger
 Animate Skeleton         Necr           N/A          43%         1    ##.....
 Apportation              Tloc           #.....       43%         1    ##.....
 Confusing Touch          Hex            #.....       43%         1    ##.....
 Summon Small Mammal      Summ           #...         43%         1    ##.....


Dungeon Overview and Level Annotations

Branches:
Dungeon (9/15)             Temple (1/1) D:5            Lair (1/6) D:8
    Orc: D:9-12

Altars:
Ashenzari
Cheibriados
Elyvilon
Gozag
Hepliaklqana
Kikubaaqudgha
Makhleb
Nemelex Xobeh
Okawaru
Qazlal
Sif Muna
Trog
Uskayaw
Vehumet
Wu Jian
Xom
Yredelemnul
Zin
The Shining One

Shops:
D:7 [


Innate Abilities, Weirdness & Mutations

You reflexively headbutt those who attack you in melee.
You have a pair of horns on your head.


Message History

The spiny frog stings you but does no damage.
The spiny frog stings you!
* * * LOW HITPOINT WARNING * * *
You slash the spiny frog!
You kill the spiny frog!
Your Invocations skill increases to level 5!
You start resting.
The five-headed hydra is too close now for your liking.
As you read the scroll of teleportation, it crumbles to dust.
You feel strangely unstable.
The five-headed hydra roars!
Your surroundings suddenly seem different.
The eight-headed hydra roars!
You start resting.
The eight-headed hydra is too close now for your liking.
You block the eight-headed hydra's attack.
The eight-headed hydra barely misses you.
The eight-headed hydra closely misses you.
The eight-headed hydra bites you.
You die...

##........##
##..........#
#...........#
##............
#.......##.....
##......####....
#........# ##
##......###
#.@..^..#
♣♣♣♣####D.....##
♣P≈≈≈≈≈≈≈≈....#
P≈≈≈≈PPPP≈....#
≈≈≈≈P≈≈≈P.....#
≈≈≈P≈≈≈≈≈P...##
≈≈≈≈≈≈≈P≈≈...#
####.###
≈≈≈≈≈P≈≈.....#
#.#.....
≈≈≈≈≈≈≈P.....#
##......


You could see an eight-headed hydra.

Vanquished Creatures
  An unseen horror (D:8)
  An orc knight (Bailey)
  A spiny frog (Lair:1)
  A black mamba (Lair:1)
  A troll (D:6)
  A hornet (D:6)
  3 hippogriffs
  A blink frog (Lair:1)
  Sigmund (D:3)
  2 water moccasins (Lair:1)
  3 phantoms
  An eye of draining (D:8)
  3 sky beasts
  2 orc warriors (Bailey)
  5 ogres
  2 centaurs
  A scorpion (D:7)
  3 jellies
  2 crimson imps (D:5)
  A quasit (D:8)
  A bullfrog zombie (D:6)
  A gnoll shaman (D:8)
  A hound (D:6)
  A bullfrog skeleton (D:5)
  5 orc priests
  A centaur skeleton (D:4)
  6 orc wizards
  Natasha (twice) (D:2)
  An iguana (D:6)
  3 worker ants
  A big kobold zombie (Ossuary)
  A hound skeleton (D:7)
  8 mummies (Ossuary)
  10 gnolls
  6 adders
  4 shadow imps
  An ooze (D:5)
  6 worms
  4 leopard geckos
  33 orcs
  2 ball pythons
  12 bats
  5 giant cockroaches
  10 goblins
  16 hobgoblins
  7 jackals
  20 kobolds
  4 quokkas
  9 frilled lizards
  2 hobgoblin zombies (Ossuary)
  2 kobold zombies (Ossuary)
  3 orc zombies (Ossuary)
  A quokka skeleton (D:6)
  8 rats
233 creatures vanquished.

Vanquished Creatures (others)
  An orc wizard (D:3)
1 creature vanquished.

Grand Total: 234 creatures vanquished

Notes
Turn   | Place    | Note
-------+----------+-------------------------------------------
     0 | D:1      | teukkam the Minotaur Fighter began the quest for the Orb.
     0 | D:1      | Reached XP level 1. HP: 19/19 MP: 0/0
   201 | D:1      | Reached XP level 2. HP: 27/27 MP: 1/1
   387 | D:2      | Reached XP level 3. HP: 29/33 MP: 2/2
   451 | D:2      | Found a stormy altar of Qazlal.
   795 | D:3      | Reached XP level 4. HP: 40/41 MP: 3/3
   852 | D:3      | Found a hazy altar of Hepliaklqana.
   874 | D:3      | Found a bloodstained altar of Trog.
   938 | D:3      | Noticed Sigmund
   947 | D:2      | Noticed Natasha
   950 | D:2      | Killed Natasha
  1053 | D:3      | Killed Sigmund
  1053 | D:3      | Reached skill level 5 in Fighting
  1053 | D:3      | Reached skill level 5 in Armour
  1053 | D:3      | Reached skill level 5 in Shields
  1053 | D:3      | Reached XP level 5. HP: 40/48 MP: 4/4
  1057 | D:3      | Reached XP level 6. HP: 47/56 MP: 5/5
  1149 | D:5      | Entered Level 5 of the Dungeon
  1149 | D:5      | Noticed a sky beast
  1160 | D:5      | Killed a sky beast
  1257 | D:5      | Reached XP level 7. HP: 15/62 MP: 6/6
  1501 | D:5      | Found a staircase to the Ecumenical Temple.
  1510 | Temple   | Entered the Ecumenical Temple
  1517 | Temple   | Became a worshipper of Zin the Law-Giver
  1527 | D:5      | Reached skill level 5 in Axes
  1546 | D:5      | Reached * piety under Zin
  2386 | D:2      | Noticed Natasha
  2393 | D:2      | Killed Natasha
  3130 | D:2      | Found a basalt altar of Yredelemnul.
  3862 | D:4      | Reached ** piety under Zin
  4052 | D:5      | Reached XP level 8. HP: 71/71 MP: 7/7
  4088 | D:5      | Found an ornate altar of the Wu Jian Council.
  4745 | D:6      | Reached skill level 1 in Slings
  4745 | D:6      | Reached skill level 1 in Invocations
  4972 | D:6      | Reached *** piety under Zin
  5029 | D:6      | Noticed a troll
  5091 | D:6      | Killed a troll
  5325 | D:6      | Found a glowing golden altar of the Shining One.
  5418 | D:6      | Noticed a hornet
  5426 | D:6      | Paralysed by a hornet for 2 turns
  5428 | D:6      | Killed a hornet
  5428 | D:6      | Reached XP level 9. HP: 58/79 MP: 8/10
  5436 | D:6      | Found a burning altar of Makhleb.
  5439 | D:6      | Found a deep blue altar of Sif Muna.
  5441 | D:6      | Found a white marble altar of Elyvilon.
  5563 | D:7      | Found a flagged portal.
  5637 | D:7      | Found Beahe's Antique Armour Emporium.
  5670 | D:7      | Found a sand-covered staircase.
  5676 | Ossuary  | Entered an ossuary
  5693 | Ossuary  | Reached **** piety under Zin
  5882 | Ossuary  | Reached ***** piety under Zin
  5933 | Ossuary  | Reached ****** piety under Zin
  6030 | Bailey   | Entered a bailey
  6149 | Bailey   | Found a burning altar of Makhleb.
  6149 | Bailey   | Noticed an orc knight
  6180 | Bailey   | Killed an orc knight
  6192 | Bailey   | Got a heavily runed leather armour
  6205 | Bailey   | Identified the +6 leather armour of Codonon {-Cast rElec
                  | rN+ Str+4 Slay+2} (You found it in a bailey)
  7704 | D:8      | Found a staircase to the Lair.
  7891 | D:8      | Reached XP level 10. HP: 84/90 MP: 12/12
  7955 | D:8      | Killed an unseen horror
  7955 | D:8      | Reached skill level 5 in Slings
  8274 | Lair:1   | Entered Level 1 of the Lair of Beasts
  8452 | Lair:1   | Noticed a black mamba
  8466 | Lair:1   | Killed a black mamba
  8742 | Lair:1   | Noticed an eight-headed hydra
  8748 | Lair:1   | Noticed a five-headed hydra
  8756 | Lair:1   | HP: 3/91 [blink frog (10)]
  8785 | Lair:1   | Noticed a spiny frog
  8802 | Lair:1   | HP: 2/91 [spiny frog (17)]
  8803 | Lair:1   | Killed a spiny frog
  8803 | Lair:1   | Reached skill level 5 in Invocations
  8811 | Lair:1   | Slain by an eight-headed hydra

Skill      XL: |  1  2  3  4  5  6  7  8  9 10 |
---------------+-------------------------------+-----
Fighting       | 4 5 6 7 8 9 |  9.2
Armour         | 4 5 6 7 8 9 |  9.1
Shields        | 4 5 6 7 8 9 |  9.2
Axes           | 3 4 6 7 8 |  8.7
Slings         | 3 4 5 |  5.6
Invocations    | 2 4 5 |  5.0

Action                   |  1- 3 |  4- 6 |  7- 9 | 10-12 || total
-------------------------+-------+-------+-------+-------++-------
Melee: War axe           |   109 |    62 |   367 |    47 ||   585
       Headbutt          |    20 |    13 |    65 |    19 ||   117
       Dagger            |       |       |     8 |    16 ||    24
 Fire: Hunting sling     |       |       |    55 |     9 ||    64
Invok: Recite            |       |       |     5 |     1 ||     6
Evoke: Wand              |       |       |       |     2 ||     2
  Use: Potion            |       |     1 |     3 |     9 ||    13
       Scroll            |       |     1 |    10 |     7 ||    18
 Stab: Confused          |       |       |     2 |       ||     2
       Paralysed         |       |       |       |     3 ||     3
  Eat: Chunk             |       |     2 |     4 |       ||     6
       Ration            |       |       |     5 |     1 ||     6
Armor: Scale mail        |    49 |    33 |    94 |       ||   176
       Leather armour    |       |       |    33 |    36 ||    69
Dodge: Dodged            |    52 |    25 |   147 |    40 ||   264
Block: Shield            |    68 |    42 |   244 |    42 ||   396
